 Dungeon Crawl Stone Soup version 0.28-a0-863-g8cecda6153 (webtiles) character file.

Game seed: 12147643102567141326

35 Rennog the Changer (level 3, 15/15 HPs)
             Began as a Felid Transmuter on Nov 17, 2021.
             Quit the game on level 2 of the Dungeon.
             The game lasted 00:03:35 (1780 turns).

Rennog the Changer (Felid Transmuter)               Turns: 1780, Time: 00:03:36

Health: 15/15      AC:  1    Str: 13    XL:     3   Next: 17%
Magic:  7/7        EV: 18    Int: 14    God:
Gold:   16         SH:  0    Dex: 16    Spells: 4/7 levels left
                                        Lives:  0   Deaths: 1

rFire   . . .      SeeInvis +     - Unarmed
rCold   . . .      Faith    .   (shield unavailable)
rNeg    . . .      Spirit   .   (armour unavailable)
rPois   .          Reflect  .   (helmet unavailable)
rElec   .          Harm     .   (cloak unavailable)
rCorr   .          Rampage  .   (gloves unavailable)
Will    .....                   (boots unavailable)
Stlth   +.........              (no amulet)
HPRegen 0.05/turn               b - +6 ring of strength
MPRegen 0.10/turn               (no ring)

@: quick
A: very small, claws 1, fangs 3, see invisible, speed 1, shaggy fur 1, stealthy
paws, no weapons or thrown items, no armour, multi-lived
a: no special abilities


You were on level 2 of the Dungeon.
You visited 1 branch of the dungeon, and saw 2 of its levels.

You collected 16 gold pieces.

Inventory:

Jewellery
 b - a +6 ring of strength (left paw)
Scrolls
 a - a scroll of magic mapping {unknown}
 c - a scroll of teleportation {unknown}
 d - a scroll of enchant weapon {unknown}


   Skills:
 + Level 1.4 Fighting
 + Level 3.2 Dodging
 - Level 3.0 Unarmed Combat
 - Level 2.5 Spellcasting
 * Level 4.1 Transmutations


You had 4 spell levels left.
You knew the following spells:

 Your Spells              Type           Power      Damage    Failure   Level
a - Beastly Appendage     Tmut           26%        N/A       4%          1
b - Wereblood             Tmut           13%        N/A       6%          2

Your spell library contained the following spells:

 Spells                   Type           Power      Damage    Failure   Level
 Spider Form              Tmut/Pois      7%         N/A       28%         3
 Ice Form                 Ice/Tmut       7%         N/A       67%         4


Dungeon Overview and Level Annotations

Branches:
Dungeon (2/15)

Altars:

Annotations:
D:2 Robin


Innate Abilities, Weirdness & Mutations

You have sharp claws.
You have razor-sharp teeth.
You have supernaturally acute eyesight. (SInv)
You cover ground quickly. (Speed+)
You are covered in fur. (AC +1)
Your paws help you pounce on unaware monsters.
You are incapable of wielding weapons or throwing items.
You cannot wear armour.
You gain extra lives every three experience levels.


Message History

You barely miss the frilled lizard. You headbutt the frilled lizard.
You kill the frilled lizard!
You barely miss the goblin. The goblin hits you with a +0 club.
You barely miss the goblin. Your bite misses the goblin.
The goblin hits you but does no damage.
You barely miss the goblin. You bite the goblin.
You kill the goblin!
You scratch the adder. Your headbutt misses the adder.
The adder is heavily wounded.
The adder barely misses you. The adder bites you.
You scratch the adder. Your headbutt misses the adder.
The adder is almost dead.
The adder misses you.
You closely miss the adder.
The adder is almost dead.
The adder bites you.
You are lethally poisoned!
The adder poisons you!
You are too injured to fight recklessly!
You scratch the adder.
You kill the adder!
You feel sick.
d - a scroll labelled UMEODA YKHOA Your horns disappear.
* * * LOW HITPOINT WARNING * * *
You feel sick.
* * * LOW HITPOINT WARNING * * *
You feel sick.
* * * LOW HITPOINT WARNING * * *
You feel sick.
* * * LOW HITPOINT WARNING * * *
You feel sick.
* * * LOW HITPOINT WARNING * * *
You feel sick.
You die...
You feel sick.
You are no longer poisoned.
You are now level 3!
You rejoin the land of the living...
Are you sure you want to abandon this character and quit the game? (Confirm with "yes".)

####.#########
#>....##.....######
#######.##..##.<...##...#
..g.g.......##..........#
#######.#...##.....##...# .#
#.....##.....###.#### <#
##.....###.####.....# .#
#....####.# #..##)# .#
#.#......@# #.....# .#
#...####### #.##.)# .# ###.#
#.##..# .# ##'## #.....# .#
##...## ####.## .# ##.....## ###
#.# .## ##.......## ##.###.#
..####.........####...##.####.##
.....+.........g.)g..g..........


There were no monsters in sight!

Vanquished Creatures
  Terence (D:2)
  An adder (D:2)
  A worm (D:2)
  A dart slug (D:2)
  A ball python (D:1)
  5 bats (D:1)
  2 endoplasms (D:1)
  8 goblins
  5 hobgoblins
  3 jackals (D:1)
  3 kobolds
  A quokka (D:1)
  2 frilled lizards
  3 rats
37 creatures vanquished.

Notes
Turn   | Place    | Note
-------+----------+-------------------------------------------
     0 | D:1      | Rennog the Felid Transmuter began the quest for the Orb.
     0 | D:1      | Reached XP level 1. HP: 9/9 MP: 4/4
   329 | D:1      | Reached XP level 2. HP: 12/12 MP: 4/6
   452 | D:1      | Reached skill level 3 in Transmutations
   624 | D:1      | Learned a level 2 spell: Wereblood
  1024 | D:2      | Reached XP level 3. HP: 12/15 MP: 5/7
  1027 | D:2      | Noticed Robin
  1246 | D:2      | Noticed Terence
  1512 | D:2      | Killed Terence
  1562 | D:2      | Reached skill level 4 in Transmutations
  1572 | D:2      | Reached XP level 4. HP: 17/19 MP: 8/8
  1779 | D:2      | Succumbed to an adder's poison
  1780 | D:2      | Reached XP level 3. HP: 0/15 MP: 7/7
  1780 | D:2      | Quit the game

Illustrated notes

Levels and vault maps discovered:
D:1:      ncdulo_wetmaze, layout_loops_ring
D:2:      minmay_alternating_diamond, layout_loops_corners, uniq_robin,
          uniq_terence

Skill      XL: |  1  2  3 |
---------------+----------+-----
Transmutations | 3 4 |  4.1
Dodging        | 3 |  3.2
Fighting       | |  1.4
Unarmed Combat | |  3.0
Spellcasting   | |  2.5

Action                   |  1- 3 |  4- 6 || total
-------------------------+-------+-------++-------
Melee: Unarmed           |    85 |    10 ||    95
       Headbutt          |    18 |     1 ||    19
       Bite              |     6 |     1 ||     7
       Punch             |     1 |       ||     1
 Cast: Beastly Appendage |    24 |     2 ||    26
 Stab: Sleeping          |     3 |       ||     3
Armor: Skin              |     5 |     2 ||     7
Dodge: Dodged            |    63 |     6 ||    69

Table legend: (Time is in decaauts)
 A = Elapsed time spent in this place.
 B = Non-inter-level travel time spent in this place.
 C = Inter-level travel time spent in this place.
 D = Time resting spent in this place.
 E = Time spent auto-exploring this place.
 F = Levels seen in this place.
 G = Mean time per level.
                   A        B        C        D        E       F      G
               +--------+--------+--------+--------+--------+-----+--------+
         Total |   1583 |   1508 |     75 |    205 |   1018 |   2 |  791.5 |
       Dungeon |   1583 |   1508 |     75 |    205 |   1018 |   2 |  791.5 |
               +--------+--------+--------+--------+--------+-----+--------+

Top non-repeatable levels by time:
     D:1: 1127 daAuts
     D:2: 455 daAuts
